 Dungeon Crawl Stone Soup version 0.32-a0-141-g04fe697 (webtiles) character file.

Game seed: 2990565458290707336

3703 Dorkslayer the Grappler (level 10, 0/63 HPs)
             Began as an Octopode Fighter on Feb 10, 2024.
             Was a Believer of Okawaru.
             Slain by a killer bee (9 damage)
             ... on level 7 of the Dungeon on Feb 11, 2024.
             The game lasted 00:22:43 (5819 turns).

Dorkslayer the Grappler (Octopode Fighter)          Turns: 5819, Time: 00:22:43

Health: 0/63       AC:  1    Str: 19    XL:     10   Next: 14%
Magic:  12/12      EV: 13    Int: 18    God:    Okawaru [**....]
Gold:   413        SH: 12    Dex: 11    Spells: 9/9 levels left

rFire   . .          .
                       - Unarmed
rCold   . . .        s - +3 kite shield
rNeg    . . .        (helmet restricted)
rPois   .            l - amulet of regeneration
rElec   .            r - +6 ring of intelligence
rCorr   .            c - ring of willpower
SInv    .            (no ring)
Will    +....        (no ring)
Stlth   ++++         (no ring)
HPRegen 1.10/turn    (no ring)
MPRegen 0.13/turn    (no ring)
                     (no ring)

%: no passive effects
@: hasted and slowed
A: almost no armour, amphibious, 8 rings, camouflage 1, gelatinous body 1,
(nimble swimmer 1), tentacles
a: Renounce Religion, Heroism


You were on level 7 of the Dungeon.
You worshipped Okawaru.
Okawaru was pleased with you.
You visited 2 branches of the dungeon, and saw 9 of its levels.

You collected 413 gold pieces.

Inventory:

Hand Weapons
 n - a +1 mace
Missiles
 g - 2 javelins
 j - 5 darts of dispersal
 u - 3 boomerangs (quivered)
Armour
 s - a +3 kite shield (worn)
Jewellery
 c - a ring of willpower (right tentacle)
 l - an amulet of regeneration (around mantle)
 r - a +6 ring of intelligence (left tentacle)
Talismans
 k - a serpent talisman
Wands
 b - a wand of polymorph (26)
 h - a wand of roots (12)
 m - a wand of digging (6)
Scrolls
 e - 2 scrolls of enchant weapon
 o - a scroll of amnesia
 p - 3 scrolls of teleportation
 q - 2 scrolls of revelation
 x - a scroll of identify
Potions
 a - 2 potions of ambrosia {unknown}
 f - a potion of enlightenment {unknown}
 i - 2 potions of brilliance {unknown}
 w - a potion of cancellation {unknown}


   Skills:
 + Level 3.8 Fighting
 + Level 0.7 Throwing
 + Level 5.2 Dodging
 + Level 6.6 Stealth
 + Level 5.5 Shields
 + Level 8.8 Unarmed Combat
 * Level 3.4 Invocations
 * Level 5.8 Evocations
 * Level 3.7 Shapeshifting


You had 9 spell levels left.
You didn't know any spells.
Your spell library contained the following spells:

 Spells                   Type           Power      Damage    Failure   Level
 Freeze                   Ice            0%         1d3       45%         1
 Kiss of Death            Conj/Necr      0%         2d5       45%         1
 Blink                    Tloc           0%         N/A       61%         2
 Lesser Beckoning         Tloc           0%         N/A       61%         2
 Mercury Vapours          Alch/Air       0%         N/A       61%         2
 Momentum Strike          Conj/Tloc      0%         3d8       61%         2
 Scorch                   Fire           0%         2d5       61%         2
 Confusing Touch          Hex            0%         N/A       83%         3
 Frozen Ramparts          Ice            0%         1d1       83%         3
 Hailstorm                Conj/Ice       0%         3d5       83%         3
 Inner Flame              Hex/Fire       0%         N/A       83%         3
 Mephitic Cloud           Conj/Alch/Air  0%         N/A       83%         3
 Anguish                  Hex/Necr       0%         N/A       99%         4
 Cause Fear               Hex            0%         N/A       99%         4
 Dispel Undead            Necr           0%         3d6       99%         4
 Flame Wave               Conj/Fire      0%         2d4       99%         4
 Freezing Cloud           Conj/Ice/Air   0%         6-21      100%        5
 Enfeeble                 Hex            0%         N/A       100%        7
 Polar Vortex             Ice            0%         N/A       100%        9
 Summon Ice Beast         Ice/Summ       Unusable   N/A       N/A         3
 Summon Cactus Giant      Summ           Unusable   N/A       N/A         6

Dungeon Overview and Level Annotations

Branches:
Dungeon (8/15)             Temple (1/1) D:6
   Lair: D:8-11

Altars:
Ashenzari
Cheibriados
Dithmenos
Elyvilon
Fedhas
Gozag
Hepliaklqana
Kikubaaqudgha
Makhleb
Nemelex Xobeh
Okawaru
Ru
Trog
Uskayaw
Vehumet
Wu Jian
Xom
Yredelemnul
Zin
The Shining One


Innate Abilities, Weirdness & Mutations

You cannot wear most types of armour.
You are amphibious.
You can wear up to eight rings at the same time.
Your skin changes colour to match your surroundings (Stealth+).
Your rubbery body absorbs attacks. (AC +1, EV +1)
((You are camouflaged when in or above water. (Stealth+)))
You have tentacles for arms and can constrict up to eight enemies at once.


Message History

You grab the hornet. You constrict the hornet.
You feel sick. The hornet stings you.
You feel yourself slow down.
You tentacle-slap the hornet but do no damage.
You squeeze the hornet.
The hornet is lightly wounded.
You constrict the hornet.
You feel sick. The hornet barely misses you. You block the hornet's attack.
You tentacle-slap the hornet.
You tentacle-slap the hornet, but do no damage.
Your squeeze misses the hornet.
The hornet is moderately wounded.
You constrict the hornet.
You feel sick. The hornet stings you!
* * * LOW HITPOINT WARNING * * *
You feel as though you will be slow longer.
You feel better.
You constrict the hornet, but do no damage.
The hornet stings you.
* * * LOW HITPOINT WARNING * * *
You feel as though you will be slow longer.
You block the hornet's attack.
You tentacle-slap the hornet but do no damage.
Your tentacle-slap misses the hornet.
You squeeze the hornet.
The hornet is heavily wounded.
You constrict the hornet. The hornet misses you.
You bludgeon the hornet!
The hornet is almost dead.
You constrict the hornet. The hornet stings you!
* * * LOW HITPOINT WARNING * * *
You feel as though you will be slow longer.
You barely miss the hornet.
The hornet is almost dead.
You constrict the hornet!
You kill the hornet!
Okawaru accepts your kill. The killer bee barely misses you.
You tentacle-slap the killer bee. Your grab misses the killer bee.
Your squeeze misses the killer bee.
The killer bee is lightly wounded.
You block the killer bee's attack. The killer bee stings you!
You die...

......######..##.##.#.#
.................##.#.#
#.....................#
.#...#######........###
#.#.## ##.##.#### ##.##
#.##.# ### #.##.#
#.##.# #.##@#
#.##y###### #########
##.##...>..###........
#.............)#######
#.##.#####.##..######.
#.##.# #.##..##.....
##### #.##.#
#.##>.......:
....###### #..#.#
#.###.##.##.#
.........# ##.#.# #.#
#.##.##.#


You could see a killer bee.

Vanquished Creatures
  The ghost of Luce the Basher, a novice OnWr (D:7)
  Maurice (D:7)
  Grinder (D:5)
  A hornet (D:7)
  Sigmund (D:2)
  A black bear (D:6)
  2 orc warriors (D:7)
  An ice beast (D:7)
  4 ogres
  A bullfrog (D:6)
  3 scorpions
  4 killer bees (D:7)
  3 howler monkeys (D:7)
  4 bombardier beetles
  4 hounds
  4 orc priests
  2 sleepcaps (D:6)
  Jessica (D:2)
  2 iguanas
  5 orc wizards
  3 gnolls (D:5)
  11 adders
  2 ufetubi (D:5)
  2 dart slugs
  3 ribbon worms
  26 orcs
  9 endoplasms
  4 giant cockroaches
  3 goblins
  12 hobgoblins
  12 jackals
  5 kobolds
  2 quokkas
  7 ball pythons
  8 bats
  3 frilled lizards
  11 rats
169 creatures vanquished.

Vanquished Creatures (others)
  An orc wizard (D:7)
1 creature vanquished.

Grand Total: 170 creatures vanquished

Notes
Turn   | Place    | Note
-------+----------+-------------------------------------------
     0 | D:1      | Dorkslayer the Octopode Fighter began the quest for the
                  | Orb.
     0 | D:1      | Reached XP level 1. HP: 16/16 MP: 1/1
   129 | D:1      | Reached XP level 2. HP: 16/21 MP: 2/2
   299 | D:1      | Got Zuck's Compendium of Inflammable Glaciation
   330 | D:1      | Reached XP level 3. HP: 22/26 MP: 3/3
   940 | D:2      | Noticed Sigmund
   946 | D:2      | Killed Sigmund
   947 | D:2      | Reached skill level 4 in Unarmed Combat
   947 | D:2      | Reached XP level 4. HP: 13/31 MP: 4/4
   947 | D:2      | Reached XP level 5. HP: 16/36 MP: 5/5
  1183 | D:2      | Reached XP level 6. HP: 30/42 MP: 6/6
  1623 | D:2      | Noticed Jessica
  1627 | D:2      | Killed Jessica
  1628 | D:2      | Reached skill level 1 in Evocations
  1771 | D:3      | Found a faded altar of an unknown god.
  1832 | D:3      | Found a shimmering altar of Xom.
  2330 | D:3      | Found an ancient bone altar of Kikubaaqudgha.
  2330 | D:3      | Found a burning altar of Makhleb.
  2509 | D:4      | Upgraded the game from 0.32-a0-136-gc02482b to
                  | 0.32-a0-141-g04fe697
  2526 | D:4      | Reached skill level 5 in Unarmed Combat
  2695 | D:4      | Reached XP level 7. HP: 37/46 MP: 7/7
  2936 | D:4      | Found a sparkling altar of Nemelex Xobeh.
  3034 | D:5      | Entered Level 5 of the Dungeon
  3051 | D:5      | Reached skill level 6 in Unarmed Combat
  3354 | D:5      | Reached XP level 8. HP: 29/52 MP: 8/8
  3549 | D:5      | Noticed Grinder
  3550 | D:5      | Paralysed by Grinder for 4 turns
  3562 | D:5      | Paralysed by Grinder for 4 turns
  3571 | D:5      | Killed Grinder
  3572 | D:5      | Reached skill level 5 in Stealth
  3624 | D:5      | Reached skill level 1 in Shapeshifting
  3901 | D:6      | Reached skill level 7 in Unarmed Combat
  4200 | D:6      | Found a staircase to the Ecumenical Temple.
  4206 | Temple   | Entered the Ecumenical Temple
  4217 | Temple   | Became a worshipper of Warmaster Okawaru
  4420 | D:6      | Reached skill level 5 in Shields
  4444 | D:6      | Reached XP level 9. HP: 57/57 MP: 9/9
  4697 | D:7      | Reached skill level 1 in Invocations
  4718 | D:7      | Noticed Maurice
  4728 | D:7      | Killed Maurice
  4728 | D:7      | Reached * piety under Okawaru
  4882 | D:7      | Found a runed translucent gate.
  4883 | D:7      | Found a runed translucent gate.
  4883 | D:7      | Identified the +0 plate armour of the Stonemason {*Corrode
                  | rC+++ Int-2 Dex+6}
  4884 | D:7      | Found a runed translucent gate.
  4887 | D:7      | Noticed Luce's ghost (novice OnWr)
  5207 | D:7      | Reached skill level 8 in Unarmed Combat
  5541 | D:7      | Killed Luce's ghost
  5541 | D:7      | Reached ** piety under Okawaru
  5542 | D:7      | Reached skill level 5 in Dodging
  5542 | D:7      | Reached skill level 5 in Evocations
  5622 | D:7      | Reached XP level 10. HP: 18/63 MP: 12/12
  5819 | D:7      | Slain by a killer bee

Illustrated notes

Levels and vault maps discovered:
D:1:      nicolae_arrival_washed_ashore, layout_basic
D:2:      layout_basic, uniq_sigmund, uniq_jessica
D:3:      layout_basic, mainiacjoe_overflow_small_starburst,
          gammafunk_temple_overflow_statue,
          chequers_ecumenical_altar_simple_redux
D:4:      nicolae_cairo_tiling_large, layout_basic, lemuel_doored_altar
D:5:      layout_loops_ring, kennysheep_small_square, uniq_grinder
D:6:      layout_basic, minmay_temple_entry_hall, kennysheep_generic_room_7
D:7:      layout_loops_ring, biasface_ghost_orc_armoury, uniq_maurice
D:8:      layout_loops_ring, erik_lair_island, uniq_joseph
Temple:   nicolae_temple_superstar

Skill      XL: |  1  2  3  4  5  6  7  8  9 |
---------------+----------------------------+-----
Stealth        | 2 3 4 5 6 |  6.6
Unarmed Combat | 4 5 6 7 8 |  8.8
Evocations     | 1 2 3 5 |  5.8
Dodging        | 4 5 |  5.2
Shields        | 4 5 |  5.5
Shapeshifting  | 1 3 |  3.7
Invocations    | 3 |  3.4
Fighting       | |  3.8
Throwing       | |  0.7

Action                     |  1- 3 |  4- 6 |  7- 9 | 10-12 || total
---------------------------+-------+-------+-------+-------++-------
  Melee: Unarmed           |    93 |   101 |   219 |    30 ||   443
         Constrict         |    27 |    21 |    41 |     3 ||    92
         Tentacles         |    18 |    20 |    60 |     5 ||   103
         Punch             |     4 |     7 |    13 |     2 ||    26
  Throw: Boomerang         |       |     1 |     8 |       ||     9
  Evoke: Wand              |       |       |     1 |       ||     1
    Use: Potion            |     1 |       |     6 |     3 ||    10
         Scroll            |       |    11 |     9 |       ||    20
   Stab: Sleeping          |     4 |    12 |    11 |     1 ||    28
         Distracted        |       |     1 |     1 |       ||     2
 Armour: Skin              |    34 |    37 |    82 |    26 ||   179
  Dodge: Dodged            |    54 |    37 |    44 |    29 ||   164
  Block: Buckler           |    16 |     3 |       |       ||    19
         Kite shield       |       |    28 |    74 |    41 ||   143

Table legend: (Time is in decaauts)
 A = Elapsed time spent in this place.
 B = Non-inter-level travel time spent in this place.
 C = Inter-level travel time spent in this place.
 D = Time resting spent in this place.
 E = Time spent auto-exploring this place.
 F = Levels seen in this place.
 G = Mean time per level.
                   A        B        C        D        E       F      G
               +--------+--------+--------+--------+--------+-----+--------+
         Total |   5810 |   5810 |      0 |     95 |   3331 |   9 |  645.6 |
       Dungeon |   5787 |   5787 |      0 |     95 |   3331 |   8 |  723.4 |
        Temple |     22 |     22 |      0 |      0 |      0 |   1 |   22.0 |
               +--------+--------+--------+--------+--------+-----+--------+

Top non-repeatable levels by time:
     D:7: 1285 daAuts
     D:1: 901 daAuts
     D:2: 817 daAuts
     D:3: 787 daAuts
     D:5: 786 daAuts
     D:6: 676 daAuts
     D:4: 527 daAuts
  Temple: 22 daAuts
     D:8: 5 daAuts
